 Dungeon Crawl Stone Soup version 0.26-a0-466-g989023bd0d (webtiles) character file.

Game seed: 10149460079175540861

816 Goblin1989 the Cutter (level 7, 0/52 HPs)
             Began as a Demonspawn Transmuter on Aug 6, 2020.
             Was a Follower of Uskayaw.
             Slain by a gnoll
             ... wielding a +0 whip
              (5 damage)
             ... on level 6 of the Dungeon.
             The game lasted 00:09:30 (4974 turns).

Goblin1989 the Cutter (Demonspawn Transmuter)       Turns: 4974, Time: 00:09:30

Health: 0/52       AC:  4    Str: 10    XL:     7   Next: 62%
Magic:  10/10      EV:  7    Int: 15    God:    Uskayaw [*.....]
Gold:   253        SH:  0    Dex: 15    Spells: 7/10 levels left

rFire    . . .     SeeInvis .   U - +2 dagger (venom)
rCold    . . .     Faith    .   K - +0 buckler
rNeg     . . .     Spirit   .   H - +1 robe "Pibris" {MR+ Slay+5}
rPois    .         Reflect  .   (helmet restricted)
rElec    .         Harm     .   (no cloak)
rCorr    .                      (no gloves)
MR       +....                  M - +0 pair of boots
Stlth    ++........             (no amulet)
HPRegen  0.17/turn              (no ring)
MPRegen  0.12/turn              (no ring)

@: held
A: horns 1, spiny 2
a: Stomp, Renounce Religion


You were on level 6 of the Dungeon.
You worshipped Uskayaw.
Uskayaw was noncommittal.
You visited 1 branch of the dungeon, and saw 6 of its levels.

You collected 253 gold pieces.

Inventory:

Hand Weapons
 U - a +2 dagger of venom (weapon)
Missiles
 J - 22 poisoned darts
 W - 171 stones {@Q3}
 Z - a throwing net (quivered) {!d , @Q1}
Armour
 H - the +1 robe "Pibris" (worn) {MR+ Slay+5}
   (You found it on level 6 of the Dungeon)

   It affects your accuracy and damage with ranged weapons and melee attacks
   (+5).
   It affects your resistance to hostile enchantments.
 K - a +0 buckler (worn)
 M - a +0 pair of boots (worn)
Wands
 P - a wand of acid (5) {@v2}
Scrolls
 c - a scroll of amnesia
 I - a scroll of brand weapon {unknown}
 R - 5 scrolls of identify {@r1}
 S - 2 scrolls of fear
 T - 3 scrolls of teleportation {!r, @r2}
 V - 6 scrolls of remove curse {@r3}
 X - a scroll of enchant weapon {unknown}
Potions
 d - 3 potions of flight
 L - a potion of lignification {unknown}
 N - a potion of berserk rage {unknown}
 O - a potion of might {unknown}
 Q - 2 potions of ambrosia {unknown}
 Y - 5 potions of curing {@q1}


   Skills:
 + Level 3.5 Fighting
 * Level 4.3 Short Blades
 + Level 3.6 Dodging
 + Level 3.1 Stealth
 + Level 0.7 Shields
 - Level 2.6 Unarmed Combat
 - Level 2.0 Spellcasting
 - Level 3.2 Transmutations


You had 7 spell levels left.
You knew the following spells:

 Your Spells              Type           Power        Failure   Level
a - Beastly Appendage     Tmut           ##....       9%          1
b - Wereblood             Tmut           ##......     13%         2

Your spell library contained the following spells:

 Spells                   Type           Power        Failure   Level
 Sting                    Tmut/Pois      #...         17%         1
 Freeze                   Ice            #...         32%         1
 Ensorcelled Hibernation  Hex/Ice        #.....       45%         2
 Spider Form              Tmut/Pois      #.........   45%         3
 Confusing Touch          Hex            #.......     69%         3
 Gell's Gravitas          Tloc           #.........   69%         3
 Ice Form                 Ice/Tmut       #.......     86%         4
 Petrify                  Tmut/Erth      #.......     86%         4
 Blade Hands              Tmut           ##........   94%         5
 Hailstorm                Conj/Ice       #.......     97%         4
 Olgreb's Toxic Radiance  Pois           #.......     97%         4
 Alistair's Intoxication  Tmut/Pois      #........    99%         5
 Yara's Violent Unravell  Hex/Tmut       #.........   99%         5
 Metabolic Englaciation   Hex/Ice        #.........   100%        5
 Conjure Ball Lightning   Conj/Air       #.........   100%        6
 Starburst                Conj/Fire      #.........   100%        6


Dungeon Overview and Level Annotations

Branches:
Dungeon (6/15)             Temple (0/1) D:4

Altars:
Hepliaklqana
Kikubaaqudgha
Okawaru
Uskayaw
Xom
Yredelemnul

Shops:
D:6 :

Annotations:
D:6 Edmund


Innate Abilities, Weirdness & Mutations

You have a pair of small horns on your head.
You are mostly covered in sharp spines.


Message History

A gnoll comes into view. It is wielding a +0 whip.
The gnoll picks up a red potion.
Found an escape hatch in the ceiling.
The gnoll misses you.
The gnoll sergeant hits you from afar with a +0 spear of venom.
You are poisoned.
A gnoll comes into view. It is wielding a +0 spear.
You take 1 damage, and have 51/52 hp.
You barely miss the gnoll.
You feel sick. The gnoll hits you with a +0 spear.
The gnoll sergeant hits you from afar with a +0 spear of venom.
You are more poisoned.
You take 9 damage, and have 42/52 hp.
You hit the gnoll.
The gnoll is poisoned.
The gnoll is moderately wounded.
You feel sick. The gnoll hits you with a +0 spear.
You take 4 damage, and have 38/52 hp.
You hit the gnoll.
The gnoll looks as sick as possible!
You headbutt the gnoll.
You kill the gnoll!
You feel sick.
The gnoll sergeant hits you from afar with a +0 spear of venom!
You take 10 damage, and have 28/52 hp.
You are too injured to fight recklessly!
You are too injured to fight recklessly!
You are too injured to fight recklessly!
You are too injured to fight recklessly!
You are too injured to fight recklessly!
You are too injured to fight recklessly!
You are too injured to fight recklessly!
You are too injured to fight recklessly!
You are too injured to fight recklessly!
You are too injured to fight recklessly!
You are too injured to fight recklessly!
Unknown command.
You feel sick.
You take 1 damage, and have 27/52 hp.
You feel sick.
You take 1 damage, and have 26/52 hp.
A quokka comes into view.
You feel sick.
You take 1 damage, and have 25/52 hp.
You feel sick.
You take 1 damage, and have 24/52 hp.
You feel sick. You block the quokka's attack.
You take 1 damage, and have 23/52 hp.
You feel sick. The quokka is struck by your spines.
You kill the quokka!
You feel sick.
You take 1 damage, and have 22/52 hp.
You feel sick.
You take 1 damage, and have 21/52 hp.
You feel sick.
A gnoll comes into view.
You take 1 damage, and have 20/52 hp.
You feel sick.
You feel sick.
The gnoll sergeant hits you from afar with a +0 spear of venom.
* * * LOW HITPOINT WARNING * * *
You are more poisoned.
You take 4 damage, and have 16/52 hp.
You feel sick.
You take 1 damage, and have 15/52 hp.
You feel sick.
You take 1 damage, and have 14/52 hp.
You feel sick.
You take 1 damage, and have 13/52 hp.
You feel sick.
You feel sick.
You take 1 damage, and have 12/52 hp.
You feel sick.
You take 1 damage, and have 11/52 hp.
You feel sick.
You take 1 damage, and have 10/52 hp.
You feel sick.
You take 1 damage, and have 9/52 hp.
You feel sick.
The sentinel's mark upon you fades away.
You feel sick.
You take 1 damage, and have 8/52 hp.
The gnoll throws a throwing net.
The throwing net hits you.
You become entangled in the net!
You see here a throwing net {!d , @Q1}.
You tear a large gash into the net.
You feel sick.
The gnoll sergeant hits you from afar with a +0 spear of venom.
* * * LOW HITPOINT WARNING * * *
You are lethally poisoned!
You take 3 damage, and have 5/52 hp.
It was a potion of curing.
You feel better.
The gnoll sergeant hits you from afar with a +0 spear of venom.
* * * LOW HITPOINT WARNING * * *
You feel better.
The gnoll sergeant hits you from afar with a +0 spear of venom.
* * * LOW HITPOINT WARNING * * *
You regained 5 hp, and now have 11/52 hp.
You struggle against the net.
Edmund the Younger comes into view.
He is wielding a +1 dire flail of holy wrath.
The gnoll sergeant hits you from afar with a +0 spear of venom.
* * * LOW HITPOINT WARNING * * *
You take 6 damage, and have 5/52 hp.
You struggle against the net.
The gnoll hits you with a +0 whip.
You die...

█.█..........█████.██
██..@███.███........█ ██..█
█.....█████..█
██████.g███████.█ █..█
.........█ █.█ █..█
██████.gg██████.█ █..█
█..g....██.█ █..█
█████..g.██.██.█ █..█
█......@.....█.█ ..█
█.███..<.██..█.█ █.█
█.█.███....█ █.███.█.█
██.█.██ .█████.█...█.█
█)...█
█.............██████..████.█
███.....█...█..............█
█.██████.██....███..██ █
█.██.....█.█.██


You could see Edmund, a gnoll sergeant and 4 gnolls.

Vanquished Creatures
  Sigmund (D:5)
  A phantom (D:4)
  A scorpion (D:6)
  A bullfrog zombie (D:5)
  A centaur skeleton (D:6)
  2 jellies
  A hound (D:5)
  2 iguanas
  4 worker ants
  A hound skeleton (D:5)
  9 adders
  A gnoll (D:6)
  An ufetubus (D:6)
  An ooze (D:3)
  4 worms
  2 dart slugs
  3 leopard geckos
  7 orcs
  6 bats
  5 giant cockroaches
  6 goblins
  8 hobgoblins
  4 jackals (D:4)
  6 kobolds
  2 quokkas (D:6)
  A ball python (D:3)
  5 frilled lizards
  A quokka skeleton (D:4)
  7 rats
94 creatures vanquished.

Notes
Turn   | Place    | Note
-------+----------+-------------------------------------------
     0 | D:1      | Goblin1989 the Demonspawn Transmuter began the quest for
                  | the Orb.
     0 | D:1      | Reached XP level 1. HP: 15/15 MP: 3/3
   271 | D:1      | Gained mutation: You are partially covered in sharp spines.
                  | [demonic ancestry]
   271 | D:1      | Reached XP level 2. HP: 18/21 MP: 5/5
   978 | D:2      | Mutation became permanent: You have a pair of small horns
                  | on your head. [demonic ancestry]
   978 | D:2      | Gained mutation: You have a pair of horns on your head.
                  | [demonic ancestry]
   978 | D:2      | Reached XP level 3. HP: 20/26 MP: 4/6
  1051 | D:2      | Found a hide-covered altar of Uskayaw.
  1148 | D:2      | Became a worshipper of Uskayaw the Reveler
  1274 | D:2      | Reached * piety under Uskayaw
  1316 | D:2      | Reached ** piety under Uskayaw
  2270 | D:3      | Reached skill level 1 in Short Blades
  2338 | D:3      | Reached XP level 4. HP: 27/32 MP: 7/7
  2345 | D:3      | Reached *** piety under Uskayaw
  2397 | D:2      | Learned a level 2 spell: Wereblood
  2539 | D:3      | Found an iron altar of Okawaru.
  2746 | D:3      | Reached skill level 1 in Stealth
  2751 | D:3      | Gained mutation: You are mostly covered in sharp spines.
                  | [demonic ancestry]
  2751 | D:3      | Reached XP level 5. HP: 18/38 MP: 8/8
  3077 | D:3      | Reached skill level 2 in Short Blades
  3243 | D:4      | Identified Sif Muna's Tome of Contamination and Battle
                  | Magic
  3533 | D:4      | Identified the Tome of Gliding Cold
  3607 | D:4      | Found a shimmering altar of Xom.
  3626 | D:4      | Found a staircase to the Ecumenical Temple.
  3680 | D:4      | Reached XP level 6. HP: 44/46 MP: 9/9
  3782 | D:4      | HP: 2/46 [phantom (9)]
  3786 | D:4      | Reached skill level 3 in Short Blades
  4108 | D:5      | Entered Level 5 of the Dungeon
  4184 | D:5      | Noticed Sigmund
  4193 | D:5      | Killed Sigmund
  4193 | D:5      | Reached XP level 7. HP: 25/52 MP: 10/10
  4507 | D:5      | Reached skill level 4 in Short Blades
  4884 | D:6      | Found an ancient bone altar of Kikubaaqudgha.
  4891 | D:6      | Got a brightly glowing robe
  4911 | D:6      | Identified the +1 robe "Pibris" {MR+ Slay+5} (You found it
                  | on level 6 of the Dungeon)
  4913 | D:6      | Found Toeck's Book Shop.
  4919 | D:6      | Found a basalt altar of Yredelemnul.
  4921 | D:6      | Found a hazy altar of Hepliaklqana.
  4973 | D:6      | Noticed Edmund
  4974 | D:6      | Slain by a gnoll

Illustrated notes

Levels and vault maps discovered:
D:1:      lightli_arrival_maybe_door_vault, layout_rooms
D:2:      layout_basic, eat_drink_and_be_merry_uskayaw
D:3:      cheibrodos_helix_gallery, layout_rooms, lemuel_crystal_altar
D:4:      layout_gridville, lemuel_doored_altar, temple_statues
D:5:      layout_rooms, uniq_sigmund
D:6:      layout_loops_ring, grunt_temple_overflow_open, serial_shops, shop,
          cheibriados_altar_1, uniq_edmund

Skill      XL: |  1  2  3  4  5  6  7 |
---------------+----------------------+-----
Transmutations | 2 3 |  3.2
Short Blades   | 1 2 3 4 |  4.3
Dodging        | 2 3 |  3.6
Stealth        | 1 2 3 |  3.1
Fighting       | 2 3 |  3.5
Shields        | |  0.7
Unarmed Combat | |  2.6
Spellcasting   | |  2.0

Action                   |  1- 3 |  4- 6 |  7- 9 || total
-------------------------+-------+-------+-------++-------
Melee: Unarmed           |    52 |       |       ||    52
       Kick              |     7 |       |       ||     7
       Headbutt          |     9 |    16 |     9 ||    34
       Dagger            |    43 |    96 |    40 ||   179
       Punch             |     1 |       |       ||     1
 Cast: Beastly Appendage |    15 |       |       ||    15
  Use: Scroll            |       |     6 |       ||     6
       Potion            |       |       |     2 ||     2
 Stab: Sleeping          |     1 |     2 |     4 ||     7
       Paralysed         |       |     1 |       ||     1
Armor: Robe              |     8 |    13 |     7 ||    28
Dodge: Dodged            |    56 |    34 |    19 ||   109
Block: Buckler           |       |       |     3 ||     3

Table legend: (Time is in decaauts)
 A = Elapsed time spent in this place.
 B = Non-inter-level travel time spent in this place.
 C = Inter-level travel time spent in this place.
 D = Time resting spent in this place.
 E = Time spent auto-exploring this place.
 F = Levels seen in this place.
 G = Mean time per level.
                   A        B        C        D        E       F      G
               +--------+--------+--------+--------+--------+-----+--------+
         Total |   4955 |   4608 |    347 |   1092 |   2815 |   6 |  825.8 |
       Dungeon |   4955 |   4608 |    347 |   1092 |   2815 |   6 |  825.8 |
               +--------+--------+--------+--------+--------+-----+--------+

Top non-repeatable levels by time:
     D:2: 1209 daAuts
     D:3: 1074 daAuts
     D:1: 952 daAuts
     D:4: 863 daAuts
     D:5: 618 daAuts
     D:6: 237 daAuts
